 Dungeon Crawl Stone Soup version 0.17-a0-1582-ge6b0260 (webtiles) character file.

189 maddy the Vandal (level 6, -3/39 HPs)
             Began as a Halfling Hunter on July 27, 2015.
             Killed by nerve-wracking pain
             ... invoked by an orc priest
              (13 damage)
             ... on level 3 of the Dungeon.
             The game lasted 00:21:47 (4570 turns).

maddy the Vandal (Halfling Hunter)                  Turns: 4570, Time: 00:21:47

Health: -3/39      AC:  3    Str: 12    XL:     6   Next: 0%
Magic:  6/6        EV: 15    Int: 10    God:
Gold:   149        SH:  0    Dex: 17    Spells: 0 memorised, 5 levels left

rFire  . . .     SeeInvis .     b - +0 short sword
rCold  . . .     Clarity  .     d - +0 leather armour
rNeg   . . .     SustAt   .     (shield restricted)
rPois  .         Gourm    .     (no helmet)
rElec  .         Spirit   .     (no cloak)
rCorr  .         Warding  .     (no gloves)
rMut   .         Stasis   .     (no boots)
MR     .....                    (no amulet)
Stlth  ++........               (no ring)
                                (no ring)

@: not resistant to hostile enchantments, unstealthy
A: mutation resistance 1
a: no special abilities


You were on level 3 of the Dungeon.
You were not hungry.

You visited 1 branch of the dungeon, and saw 4 of its levels.

You collected 149 gold pieces.

Inventory:

Hand weapons
 a - a +1 hunting sling
 b - a +0 short sword (weapon)
Missiles
 c - 19 sling bullets
 h - 41 stones (quivered)
Armour
 d - a +0 leather armour (worn)
Scrolls
 e - a scroll of fear {unknown}
 f - 3 scrolls of noise {unknown}
 i - 3 scrolls of identify {unknown}
 k - a scroll of magic mapping {unknown}
 l - a scroll of fog {unknown}
 m - 2 scrolls of enchant armour {unknown}
 n - a scroll of amnesia {unknown}
 o - 2 scrolls of teleportation {unknown}
 r - 2 scrolls of blinking {unknown}
Potions
 p - a potion of invisibility {unknown}
 q - 2 potions of ambrosia {unknown}
 u - a potion of mutation {unknown}
 v - a potion of agility {unknown}
 x - a potion of heal wounds {unknown}
 B - a potion of magic {unknown}
Comestibles
 g - a meat ration
 t - 6 fruits
 w - a bread ration


   Skills:
 - Level 1.7 Fighting
 * Level 4.4 Short Blades
 - Level 6.9(7.0) Slings
 - Level 1.6(4.3) Throwing
 - Level 3.0 Dodging
 + Level 2.2 Stealth


You had 5 spell levels left.
You didn't know any spells.

Dungeon Overview and Level Annotations

Branches:
Dungeon (4/15)
 Temple: D:4-7

Altars:
Makhleb
Nemelex Xobeh
Qazlal


Innate Abilities, Weirdness & Mutations

You are small and have problems with some larger weapons.
You are somewhat resistant to further mutation.


Message History

The stone hits the orc warrior but does no damage.
The orc warrior is moderately wounded.
You can't go down here!
The orc warrior hits you with a flail!
You climb upwards.
There is a stone staircase leading down here.
b - a +0 short sword (weapon)
The orc warrior closely misses you.
You closely miss the orc warrior.
The orc warrior is lightly wounded.
The orc warrior hits you with a flail!!
Ouch! That really hurt!
* * * LOW HITPOINT WARNING * * *
You hit the orc warrior but do no damage.
The orc warrior is lightly wounded.
An orc priest comes into view. It is wielding a mace.
The orc priest shouts!
The orc priest mumbles some strange prayers to Beogh against you.
Pain shoots through your body!
You die...

##############
#............###########
#.##########...........#
#.# #.#########.# #.# #.#
#.#
#.##########o#########.##
#.#..........@..........#
#.#.#######..#########..#
#.#.# #..##......>..#
#.#.#
#.o##.#####...######
#.#.## ###..##.#
#.......).
#.#>[####.......#
#.)######.
#.......รท.....#.# #...#
#.
####.####.[#..#.#####...#
#. #.# #.#>#.#.........#
#.


You could see an orc warrior and an orc priest.

Vanquished Creatures
  2 orc priests (D:3)
  An orc wizard (D:3)
  3 adders (D:2)
  2 worms
  4 giant geckos
  2 orcs (D:3)
  5 giant cockroaches
  8 goblins
  8 hobgoblins
  A jackal (D:2)
  A quokka (D:3)
  2 ball pythons (D:1)
  9 bats
  3 giant newts
  6 kobolds
  8 rats
65 creatures vanquished.

Notes
Turn   | Place    | Note
--------------------------------------------------------------
     0 | D:1      | maddy the Halfling Hunter began the quest for the Orb.
     0 | D:1      | Reached XP level 1. HP: 14/14 MP: 1/1
    90 | D:1      | Reached skill level 1 in Short Blades
   424 | D:1      | Reached skill level 6 in Slings
   424 | D:1      | Reached XP level 2. HP: 19/19 MP: 2/2
  1123 | D:1      | Reached XP level 3. HP: 24/24 MP: 3/3
  1157 | D:1      | Reached skill level 1 in Throwing
  1908 | D:2      | Reached XP level 4. HP: 29/29 MP: 4/4
  2503 | D:2      | Found a stormy altar of Qazlal.
  2881 | D:4      | Noticed an orc warrior
  2940 | D:3      | Reached XP level 5. HP: 14/34 MP: 5/5
  3280 | D:3      | Found a sparkling altar of Nemelex Xobeh.
  3893 | D:3      | Found a burning altar of Makhleb.
  4500 | D:3      | Reached XP level 6. HP: 39/39 MP: 6/6
  4570 | D:3      | Killed from afar by an orc priest

Vault maps used:
D:1:      dpeg_arrival_another_circle, minmay_shallow_snake_nest
D:2:      old_standard_altar, nrook_loot_triangle
D:3:      lightli_temple_of_fire, first_bread, grunt_ministairs_3,
          nemelex_lonely_heart_becter
D:4:      kennysheep_the_goblin_king, kennysheep_mini_moat,
          minmay_temple_entry_enclosed_plants, kennysheep_nub,
          guppyfry_early_orc_mine

Action                   |  1- 3 |  4- 6 || total
-------------------------+-------+-------++-------
Melee: Short sword       |   133 |   154 ||   287
 Fire: Hunting sling     |    18 |    28 ||    46
 Stab: Sleeping          |     1 |       ||     1
       Distracted        |       |     2 ||     2
  Eat: Chunk             |     2 |     5 ||     7
       Bread ration      |     1 |       ||     1
